 Dungeon Crawl Stone Soup version 0.21-a0-621-gc60411f (webtiles) character file.

18 Amnesiac the Insei (level 2, 0/19 HPs)
             Began as an Octopode Transmuter on Dec 23, 2017.
             Succumbed to an adder's poison
             ... on level 2 of the Dungeon.
             The game lasted 00:00:25 (253 turns).

Amnesiac the Insei (Octopode Transmuter)             Turns: 253, Time: 00:00:25

Health: 0/19       AC:  1    Str:  9    XL:     2   Next: 66%
Magic:  2/5        EV: 13    Int: 15    God:
Gold:   52         SH:  0    Dex: 12    Spells: 2/5 levels left

rFire    . . .     SeeInvis .     - Unarmed
rCold    . . .     Gourm    .   (no shield)
rNeg     . . .     Faith    .   (helmet restricted)
rPois    .         Spirit   .   (no amulet)
rElec    .         Reflect  .   (no ring)
rCorr    .         Harm     .   (no ring)
MR       .....                  (no ring)
Stlth    ++........             (no ring)
HPRegen  0.06/turn              (no ring)
MPRegen  0.09/turn              (no ring)
                                (no ring)
                                (no ring)

@: lethally poisoned (0 -> -7), flying, very slightly contaminated
A: almost no armour, stealthy swim, amphibious, 8 rings, constrict 8, camouflage
1, gelatinous body 1
a: no special abilities


You were on level 2 of the Dungeon.
You were not hungry.

You visited 1 branch of the dungeon, and saw 2 of its levels.

You collected 52 gold pieces.

Inventory:

Missiles
 a - 11 arrows
Scrolls
 f - a scroll of teleportation {!r, unknown}
Books
 b - a book of Changes

   Spells                             Type                      Level
   a - Beastly Appendage              Transmutation                1
   b - Sticks to Snakes               Transmutation                2
   c - Spider Form                    Transmutation/Poison         3
   d - Ice Form                       Ice/Transmutation            4
   e - Blade Hands                    Transmutation                5
Comestibles
 c - 2 rations
 d - 2 chunks of flesh


   Skills:
 + Level 1.9 Fighting
 - Level 2.0 Dodging
 - Level 3.0 Unarmed Combat
 - Level 2.0 Spellcasting
 + Level 2.6 Transmutations


You had 2 spell levels left.
You knew the following spells:

 Your Spells              Type           Power        Failure   Level  Hunger
a - Beastly Appendage     Tmut           #.....       8%          1    #......
b - Sticks to Snakes      Tmut           #.......     12%         2    ###....


Dungeon Overview and Level Annotations

Branches:
Dungeon (2/15)

Altars:


Innate Abilities, Weirdness & Mutations

You cannot wear most types of armour.
You are very stealthy in the water. (Stealth+)
You are amphibious.
You can wear up to eight rings at the same time.
You can use your tentacles to constrict eight enemies at once.
Your skin changes colour to match your surroundings (Stealth+).
Your rubbery body absorbs attacks. (AC +1, EV +1)


Message History

HP restored.
There is a stone staircase leading down here.
Memorise Sticks to Snakes, consuming 2 spell levels and leaving 2?
You start memorising the spell.
You continue memorising. x2
You finish memorising.
Spell assigned to 'b'.
You climb downwards.
An adder and a goblin come into view.
The goblin shouts!
The adder hisses angrily.
Found a ration.
There is a stone staircase leading up here.
Cast which spell? (? or * to list)
You create a snake!
You now have 11 arrows.
Casting: Sticks to Snakes
Confirm with . or Enter, or press ? or * to list all spells.
You miscast Sticks to Snakes.
You are very lightly contaminated with residual magic.
Your skin tingles.
Your ball python grabs the goblin.
Your ball python constricts the goblin.
The goblin barely misses you.
You tentacle-slap the goblin but do no damage.
The goblin is moderately wounded.
Your ball python constricts the goblin.
The goblin barely misses you.
You tentacle-slap the goblin.
You kill the goblin!
The adder bites you.
Some of the chunks of flesh in your inventory have rotted away.
You barely miss the adder. The adder misses you.
You miss the adder. You grab the adder.
You squeeze the adder, but do no damage.
You constrict the adder. The adder bites you.
* * * LOW HITPOINT WARNING * * *
You are poisoned.
The adder poisons you!
You barely miss the adder.
The adder is lightly wounded.
You constrict the adder.
* * * LOW HITPOINT WARNING * * *
You feel sick. The adder barely misses you.
You tentacle-slap the adder.
The adder is heavily wounded.
You constrict the adder, but do no damage.
The adder bites you.
* * * LOW HITPOINT WARNING * * *
You are more poisoned.
The adder poisons you!
You tentacle-slap the adder.
You kill the adder!
* * * LOW HITPOINT WARNING * * *
You feel sick.
Really quaff
e - a bubbling clear potion {!q}?
It was a potion of flight {!q}.
You feel very buoyant.
You fly up into the air.
* * * LOW HITPOINT WARNING * * *
You feel sick.
Found 15 gold pieces.
You see here a club.
* * * LOW HITPOINT WARNING * * *
You feel sick.
* * * LOW HITPOINT WARNING * * *
You feel sick.
* * * LOW HITPOINT WARNING * * *
You feel sick.
Found a scroll labeled UNEWUI FEUNIJADGH.
You die...

.. #.###+#+####
... #<..........
#.###.)........#
#...............
#............$.#
#...........%..#
#....S..########
#.......#
#...@...#
#.......#
#.......#
#.......#
...####### ##..
?. ###


You could see a friendly ball python.

Vanquished Creatures
  An adder (D:2)
  2 leopard geckos (D:1)
  3 goblins
  A hobgoblin (D:1)
7 creatures vanquished.

Notes
Turn   | Place    | Note
-------+----------+-------------------------------------------
     0 | D:1      | Amnesiac the Octopode Transmuter began the quest for the Orb.
     0 | D:1      | Reached XP level 1. HP: 13/13 MP: 3/3
   109 | D:1      | Reached XP level 2. HP: 8/18 MP: 5/5
   235 | D:1      | Learned a level 2 spell: Sticks to Snakes
   253 | D:2      | Succumbed to an adder's poison

Vault maps used:
D:1:      evilmike_arrival_crescent
D:2:      lemuel_another_geyser

Action                   || total
-------------------------++-------
Melee: Unarmed           ||    16
       Constrict         ||     6
       Tentacles         ||     2
 Cast: Sticks to Snakes  ||     1
  Use: Potion            ||     1
 Stab: Sleeping          ||     1
Dodge: Dodged            ||     7

Table legend:
 A = Spawn XP
 B = Non-spawn XP
 C = Spawn XP percentage of total XP
 D = Spawn monster count
 E = Non-spawn monster count
 F = Spawn count percentage of total count
 G = Total turns spent on level
                    A         B        C        D         E        F      G
               +---------+---------+-------+---------+---------+-------+---------
         Total |       0 |      26 |   0.0 |       0 |       7 |   0.0 |   253
               +---------+---------+-------+---------+---------+-------+---------
           D:1 |       0 |      12 |   0.0 |       0 |       5 |   0.0 |   236
           D:2 |       0 |      14 |   0.0 |       0 |       2 |   0.0 |    17
               +---------+---------+-------+---------+---------+-------+---------
